 Dungeon Crawl Stone Soup version 0.28.0-53-g5a82cb258f (webtiles) character file.

Game seed: 7486374222168560325

34213 issech the Carver (level 13, -6/105 HPs)
             Began as a Minotaur Monk on June 17, 2022.
             Was a High Priest of Hepliaklqana.
             Killed by divine providence
             ... invoked by an orc priest
             ... led by an orc knight
              (11 damage)
             ... on level 15 of the Dungeon on June 18, 2022.
             The game lasted 01:13:31 (21405 turns).

issech the Carver (Minotaur Monk)                  Turns: 21405, Time: 01:13:31

Health: -6/105     AC: 18    Str: 18    XL:     13   Next: 41%
Magic:  0/12       EV: 14    Int:  7    God:    Hepliaklqana [*****.]
Gold:   872        SH: 22    Dex: 27    Spells: 12/12 levels left

rFire   . . .      SeeInvis .   N - +5 flail (protect)
rCold   . . .      Faith    .   o - +3 tower shield
rNeg    + . .      Spirit   +   Q - +4 scale mail of Elyvilon's Vengeance {Dex+5}
rPois   .          Reflect  .   (helmet restricted)
rElec   .          Harm     .   u - +0 cloak
rCorr   .          Rampage  .   p - +0 pair of gloves
Will    .....                   d - +0 pair of boots
Stlth   ++........              L - amulet of guardian spirit
HPRegen 0.27/turn               A - ring of positive energy
MPRegen 0.13/turn               m - +6 ring of dexterity

@: no status effects
A: reduced essence, horns 2, retaliatory headbutt
a: Renounce Religion, Recall Ancestor, Ancestor Identity, Transference, Idealise


You were on level 15 of the Dungeon.
You worshipped Hepliaklqana.
Hepliaklqana was extremely pleased with you.
You visited 2 branches of the dungeon, and saw 16 of its levels.
You also visited: Sewer.

You collected 973 gold pieces.
You spent 101 gold pieces at shops.

Inventory:

Hand Weapons
 i - a +3 morningstar of pain
 n - a +6 battleaxe of freezing
 F - a +4 vorpal shortbow
 I - the +7 falchion of the Orcish Mines {freeze, rF- rN++ Dex+2 Stlth+}
   (You found it on level 5 of the Dungeon)

   It freezes those it strikes, dealing additional cold damage.
   It can also slow down cold-blooded creatures.
   Dex:       It affects your dexterity (+2).
   rF:        It makes you vulnerable to fire.
   rN:        It greatly protects you from negative energy.
   Stlth:     It makes you more stealthy.
 N - a +5 flail of protection (weapon)
 W - a +6 spear
Missiles
 c - 583 stones
 g - 89 bolts
 k - 6 curare-tipped darts
 l - 538 arrows
 s - 10 javelins
 w - a throwing net
 y - 30 poisoned darts
 B - 145 sling bullets
 P - 3 boomerangs (quivered)
Armour
 d - a +0 pair of boots (worn)
 o - a +3 tower shield (worn)
 p - a +0 pair of gloves (worn)
 r - an orb of light
 t - a +0 plate armour
 u - a +0 cloak (worn)
 E - an orb of wrath
 Q - the +4 scale mail of Elyvilon's Vengeance (worn) {Dex+5}
   (You found it on level 8 of the Dungeon)

   Dex:       It affects your dexterity (+5).
 Z - a +1 scale mail of poison resistance
Jewellery
 m - a +6 ring of dexterity (right hand)
 A - a ring of positive energy (left hand)
 L - an amulet of guardian spirit (around neck)
Wands
 a - a wand of polymorph (7)
 M - a wand of iceblast (9)
 R - a wand of digging (7)
 S - a wand of charming (12)
 U - a wand of flame (10)
Scrolls
 b - 5 scrolls of enchant weapon
 z - 5 scrolls of teleportation
 C - 2 scrolls of silence
 D - 3 scrolls of magic mapping
 G - 2 scrolls of amnesia
 J - 2 scrolls of fear
 K - 6 scrolls of blinking {unknown}
 O - a scroll of holy word {unknown}
 T - a scroll of fog {unknown}
 Y - a scroll of vulnerability {unknown}
Potions
 e - 3 potions of berserk rage {unknown}
 f - 2 potions of brilliance {unknown}
 h - 7 potions of curing {unknown}
 j - 2 potions of resistance {unknown}
 q - 3 potions of heal wounds {unknown}
 v - 3 potions of attraction {unknown}
 x - 3 potions of lignification {unknown}
 H - 2 potions of might {unknown}
 V - 2 potions of haste
 X - 2 potions of cancellation {unknown}


   Skills:
 + Level 11.6 Fighting
 + Level 13.0 Long Blades
 + Level 11.2(11.4) Axes
 + Level 2.7(7.7) Maces & Flails
 + Level 1.2(2.7) Slings
 + Level 3.4(3.6) Throwing
 + Level 12.9 Armour
 + Level 8.3 Dodging
 + Level 4.8 Stealth
 + Level 8.4 Shields


You had 12 spell levels left.
You didn't know any spells.
Your spell library contained the following spells:

 Spells                   Type           Power      Damage    Failure   Level
 Animate Skeleton         Necr           0%         N/A       100%        1
 Apportation              Tloc           0%         N/A       100%        1
 Beastly Appendage        Tmut           0%         N/A       100%        1
 Pain                     Necr           0%         1d4       100%        1
 Shock                    Conj/Air       0%         1d3       100%        1
 Summon Small Mammal      Summ           0%         N/A       100%        1
 Wereblood                Tmut           0%         N/A       100%        2
 Call Canine Familiar     Summ           0%         N/A       100%        3
 Conjure Flame            Conj/Fire      0%         6-21      100%        3
 Ignite Poison            Fire/Tmut/Pois 0%         N/A       100%        3
 Mephitic Cloud           Conj/Pois/Air  0%         N/A       100%        3
 Spider Form              Tmut/Pois      0%         N/A       100%        3
 Summon Guardian Golem    Hex/Summ       0%         N/A       100%        3
 Swiftness                Air            0%         N/A       100%        3
 Vampiric Draining        Necr           0%         2d6       100%        3
 Airstrike                Air            0%         N/A       100%        4
 Leda's Liquefaction      Hex/Erth       0%         N/A       100%        4
 Sticky Flame             Conj/Fire      0%         2d3       100%        4
 Alistair's Intoxication  Tmut/Pois      0%         N/A       100%        5
 Freezing Cloud           Conj/Ice/Air   0%         6-21      100%        5
 Lee's Rapid Deconstruct  Erth           0%         3d5*      100%        5
 Statue Form              Tmut/Erth      0%         N/A       100%        6


Dungeon Overview and Level Annotations

Branches:
Dungeon (15/15)            Temple (1/1) D:6            Lair (0/6) D:11
    Orc (0/2) D:11         Vaults (0/5) D:13          Sewer (visited)
 Depths: D:15

Altars:
Ashenzari
Cheibriados
Dithmenos
Elyvilon
Fedhas
Gozag
Hepliaklqana
Kikubaaqudgha
Makhleb
Nemelex Xobeh
Okawaru
Qazlal
Ru
Sif Muna
Trog
Uskayaw
Vehumet
Wu Jian
Xom
Yredelemnul
Zin
The Shining One

Shops:
D:6 ?   D:8 (   D:11 [   D:13 ?


Innate Abilities, Weirdness & Mutations

Your life essence is reduced to manifest your ancestor. (-10% HP)
You have a pair of horns on your head.
You reflexively headbutt those who attack you in melee.


Message History

The white ugly thing dies!
The orc knight misses you. You furiously retaliate!
You headbutt the orc knight. You block the cyan ugly thing's attack.
The cyan ugly thing gores you but does no damage.
Amala hits the cyan ugly thing with a +0 quarterstaff!!
You sock the cyan ugly thing!
The cyan ugly thing is heavily wounded.
You block the orc knight's attack. You block the cyan ugly thing's attack.
The cyan ugly thing gores you. The cyan ugly thing shocks you!
* * * LOW HITPOINT WARNING * * *
Amala casts a spell at the cyan ugly thing.
The stone arrow hits the cyan ugly thing!
You block the cyan ugly thing's attack. You block the orc knight's attack.
The orc priest calls upon Beogh to heal the orc knight.
The orc knight's wounds heal themselves!
The cyan ugly thing gores Amala!
The cyan ugly thing shocks Amala!
Amala points at the cyan ugly thing and mumbles some strange words.
The stone arrow hits the cyan ugly thing!
The orc no longer looks unusually strong.
The cyan ugly thing basks in the mutagenic energy from its kin and changes!
Amala hits the green ugly thing with a +0 quarterstaff!
The green ugly thing dies!
The orc knight hits Amala with a +0 great sword!
Amala is destroyed!
The orc priest mumbles some strange prayers to Beogh against you.
You resist with significant effort.
You sock the cyan ugly thing!
Your weapon exudes an aura of protection.
The cyan ugly thing is lightly wounded.
The orc priest no longer looks unusually strong.
The cyan ugly thing tentacle-slaps you!
* * * LOW HITPOINT WARNING * * *
The cyan ugly thing shocks you!
* * * LOW HITPOINT WARNING * * *
The orc priest casts a cantrip, but nothing happens.
The cyan ugly thing tentacle-slaps you but does no damage.
The green ugly thing basks in the mutagenic energy from its kin and changes!
The orc priest mumbles some strange prayers to Beogh against you.
Beogh smites you!
You die...

##......# #..#....#
##.###..# ##...#..#
#.......# #.......#
###.#...# #..#..#
#)..#@# #.....##
#....ou# ##...#..+
#...#...+ ##.#..ou#
##....h.#
##...P..o###++##
##..............########


You could see an orc knight, 2 ugly things, a warg, an orc priest and an orc.

Vanquished Creatures
  A vault guard (D:13)
  A hydra (D:11)
  4 centaur warriors
  2 two-headed ogres
  A phantasmal warrior (D:14)
  An ugly thing (D:15)
  3 cyclopes
  3 kobold demonologists
  A meliai (shapeshifter) (D:15)
  2 meliai (D:15)
  3 hornets
  12 slime creatures
  A shadow (D:10)
  A wraith (D:14)
  6 yaks (D:8)
  4 humans (D:13)
  2 steam dragons (D:8)
  2 vampire mosquitoes
  3 acid dragons
  Edmund (D:5)
  A water moccasin (D:7)
  An ice beast (D:7)
  2 orc warriors (D:11)
  2 sky beasts
  A black bear (D:4)
  An ogre (D:4)
  2 wolves (D:11)
  15 centaurs
  A phantom (D:2)
  8 kobold brigands
  A bullfrog (D:7)
  Blork the orc (D:4)
  A scorpion (D:5)
  A gnoll sergeant (D:6)
  A water moccasin zombie (D:6)
  4 killer bees (D:10)
  8 wights
  3 howler monkeys
  A bullfrog zombie (D:5)
  4 hounds
  A centaur skeleton (D:5)
  A bullfrog skeleton (D:5)
  5 iguanas
  5 orc priests
  Jessica (D:3)
  6 orc wizards
  A hound zombie (D:5)
  11 gnolls
  A howler monkey skeleton (D:7)
  5 adders
  A white imp (D:5)
  An ufetubus (D:5)
  6 worms
  A dart slug (D:5)
  19 orcs
  21 ball pythons
  8 endoplasms
  10 giant cockroaches
  4 goblins
  6 hobgoblins
  3 quokkas
  7 bats
  2 frilled lizards
  14 kobolds
  10 rats
263 creatures vanquished.

Vanquished Creatures (collateral kills)
  A vault guard (D:12)
  3 hydras
  A death knight (D:14)
  A centaur warrior (D:15)
  Urug (D:11)
  A wizard (D:15)
  3 deep elf pyromancers
  2 cyclopes
  A manticore (D:13)
  3 ugly things
  A gargoyle (D:13)
  2 freezing wraiths
  An efreet (D:14)
  A komodo dragon (D:9)
  An unseen horror (D:11)
  A kobold demonologist (D:11)
  3 trolls
  A hornet (D:7)
  A meliai (D:15)
  8 slime creatures
  6 wraiths
  A wyvern (D:9)
  3 yaks (D:8)
  4 humans (D:13)
  Grum (D:11)
  A vampire mosquito (D:13)
  An acid dragon (D:9)
  A hornet zombie (D:7)
  A sky beast (D:8)
  2 orc warriors (D:9)
  7 centaurs
  A gnoll sergeant (D:12)
  A wight (D:8)
  A howler monkey (D:14)
  A centaur zombie (D:7)
  An orc priest (D:7)
  3 orc wizards
  A gnoll (D:12)
  A shadow imp (D:7)
  11 orcs
  2 kobolds (D:10)
88 creatures vanquished.

Vanquished Creatures (others)
  2 humans (D:13)
  12 battlemagi
  7 fungi (D:13)
  6 plants
27 creatures vanquished.

Grand Total: 378 creatures vanquished

Notes
Turn   | Place    | Note
-------+----------+-------------------------------------------
     0 | D:1      | issech the Minotaur Monk began the quest for the Orb.
     0 | D:1      | Reached XP level 1. HP: 19/19 MP: 0/0
   293 | D:1      | Reached XP level 2. HP: 27/27 MP: 1/1
   961 | D:2      | Reached XP level 3. HP: 34/34 MP: 2/2
  1196 | D:2      | Found a faded altar of an unknown god.
  1445 | D:3      | Noticed a phantom
  1502 | D:2      | Killed a phantom
  1503 | D:2      | Reached skill level 1 in Armour
  1503 | D:2      | Reached XP level 4. HP: 6/41 MP: 3/3
  2172 | D:3      | Reached skill level 1 in Slings
  2172 | D:3      | Reached XP level 5. HP: 27/47 MP: 4/4
  2288 | D:3      | Noticed Jessica
  2303 | D:3      | Killed Jessica
  2304 | D:3      | Reached skill level 1 in Throwing
  2760 | D:3      | You fall into a shaft and drop 1 floor!
  2794 | D:4      | Noticed Blork the orc
  2810 | D:4      | Killed Blork the orc
  2939 | D:4      | Reached XP level 6. HP: 28/53 MP: 5/5
  2949 | D:4      | Found a glowing drain.
  2960 | D:4      | Reached skill level 5 in Axes
  3012 | Sewer    | Entered a sewer
  3285 | Sewer    | Reached skill level 5 in Fighting
  3776 | Sewer    | Reached XP level 7. HP: 43/61 MP: 6/6
  4315 | D:4      | Reached skill level 5 in Armour
  4507 | D:3      | Reached XP level 8. HP: 41/69 MP: 7/7
  5391 | D:5      | Entered Level 5 of the Dungeon
  5454 | D:5      | Identified the +0 scale mail of Puysh {rN+ Dex+3}
  5760 | D:5      | Identified the +7 falchion of the Orcish Mines {freeze, rF-
                  | rN++ Dex+2 Stlth+}
  5987 | D:5      | Noticed Edmund
  5998 | D:5      | Killed Edmund
  6920 | D:6      | Reached skill level 1 in Long Blades
  7084 | D:6      | Reached skill level 2 in Long Blades
  7084 | D:6      | Reached skill level 5 in Dodging
  7465 | D:6      | Found Cohyg's Magic Scroll Shop.
  7490 | D:6      | Noticed a two-headed ogre
  7549 | D:6      | Bought a scroll of identify for 26 gold pieces
  7549 | D:6      | Bought a scroll of identify for 26 gold pieces
  7626 | D:6      | Found a staircase to the Ecumenical Temple.
  7638 | Temple   | Entered the Ecumenical Temple
  7666 | Temple   | Became a worshipper of Hepliaklqana the Forgotten
  7666 | Temple   | Reached * piety under Hepliaklqana
  7666 | Temple   | Reached ** piety under Hepliaklqana
  7667 | Temple   | Remembered your ancestor Amala as a battlemage
  8149 | D:7      | Reached XP level 9. HP: 49/70 MP: 5/8
  8285 | D:7      | Reached skill level 1 in Maces & Flails
  8443 | D:7      | Reached skill level 3 in Long Blades
  8878 | D:7      | Reached skill level 4 in Long Blades
  9372 | D:8      | Reached skill level 5 in Long Blades
  9387 | D:8      | Reached skill level 6 in Long Blades
  9394 | D:8      | Reached XP level 10. HP: 38/77 MP: 4/9
  9765 | D:8      | Identified the +4 scale mail of Elyvilon's Vengeance
                  | {Dex+5}
  9863 | D:8      | Reached skill level 7 in Long Blades
 10191 | D:8      | Found Wystrase's Hydra Hut.
 10192 | D:8      | Noticed a seven-headed hydra
 10219 | D:8      | Reached *** piety under Hepliaklqana
 10924 | D:9      | Reached skill level 8 in Long Blades
 11516 | D:10     | Entered Level 10 of the Dungeon
 11536 | D:10     | Reached skill level 10 in Armour
 11605 | D:10     | Found a sparkling altar of Nemelex Xobeh.
 11693 | D:10     | Reached skill level 9 in Long Blades
 11922 | D:10     | Noticed a two-headed ogre
 11930 | D:10     | Killed a two-headed ogre
 11931 | D:10     | Reached XP level 11. HP: 74/85 MP: 7/10
 12305 | D:11     | Noticed Grum
 12381 | D:11     | Found a staircase to the Lair.
 12382 | D:11     | Reached **** piety under Hepliaklqana
 12514 | D:11     | Noticed a seven-headed hydra
 12520 | D:11     | Reached skill level 10 in Long Blades
 12525 | D:11     | Killed a ten-headed hydra
 12660 | D:11     | Found a staircase to the Orcish Mines.
 12660 | D:11     | Found Jyomodett's Armour Boutique.
 12666 | D:11     | Paralysed by a hornet for 2 turns
 13266 | D:11     | Bought a +0 buckler for 49 gold pieces
 13456 | D:11     | Killed Grum
 13498 | D:11     | Noticed Urug
 13510 | D:11     | Killed Urug
 13526 | D:11     | Noticed a six-headed hydra
 14288 | D:11     | Killed a 15-headed hydra
 14885 | D:11     | Reached skill level 1 in Shields
 14887 | D:11     | Reached skill level 11 in Long Blades
 15009 | D:11     | Noticed a five-headed hydra
 15019 | D:11     | Killed a six-headed hydra
 15530 | D:12     | Reached ***** piety under Hepliaklqana
 15551 | D:12     | Noticed a soul eater
 15552 | D:12     | Reached skill level 10 in Axes
 15889 | D:12     | Noticed a centaur warrior
 15898 | D:12     | Killed a centaur warrior
 15899 | D:12     | Reached skill level 10 in Fighting
 16080 | D:12     | Noticed a white ugly thing
 16087 | D:12     | Killed a white ugly thing
 16088 | D:12     | Reached XP level 12. HP: 43/95 MP: 4/11
 16910 | D:13     | Noticed a centaur warrior
 16916 | D:13     | Killed a centaur warrior
 17180 | D:13     | Noticed a centaur warrior
 17610 | D:13     | Noticed a two-headed ogre
 17616 | D:13     | Killed a two-headed ogre
 17788 | D:13     | HP: 2/96 [centaur warrior/arrow (9)]
 17858 | D:13     | Killed a centaur warrior
 18242 | D:13     | Found Lasm's Magic Scroll Emporium.
 18460 | D:13     | Identified the +4 scale mail of Uryligi {Dex+5}
 18652 | D:13     | Noticed a vault guard
 18656 | D:13     | Noticed a vault guard
 18720 | D:12     | Killed a vault guard
 18986 | D:13     | Killed a vault guard
 18987 | D:13     | Reached skill level 12 in Long Blades
 19063 | D:13     | Found a gate to the Vaults.
 19611 | D:14     | Reached skill level 5 in Shields
 19917 | D:14     | Noticed a death knight
 19930 | D:14     | Killed a death knight
 19931 | D:14     | Reached XP level 13. HP: 81/104 MP: 9/12
 20691 | D:15     | Entered Level 15 of the Dungeon
 21082 | D:15     | Reached skill level 13 in Long Blades
 21395 | D:15     | HP: 3/105 [cyan ugly thing (13)]
 21405 | D:15     | Killed from afar by an orc priest

Illustrated notes

Levels and vault maps discovered:
D:1:      wander_arrival_peaceful_grave, layout_basic
D:2:      layout_basic, shapermc_ecumenical_altar_acropolis
D:3:      layout_basic, saegor_snake_ambush, uniq_jessica
D:4:      layout_loops_ring, gup_sewer_entry_glass, hex_large,
          uniq_blork_the_orc
D:5:      minmay_angry_zag, layout_layer_cave, st_stairs_9, uniq_edmund
D:6:      layout_rooms, minmay_temple_entry_wispy, serial_shops,
          nicolae_shop_waterfront, lightli_corner_chamber
D:7:      layout_basic
D:8:      layout_cave_pools, doesnt_shop_hydraphobe
D:9:      layout_roguey
D:10:     layout_long_grid, mainiacjoe_overflow_surrounded_room
D:11:     layout_grid_maze, lair_entry_dummy, orc_david_3, uniq_urug, uniq_grum
D:12:     layout_basic
D:13:     layout_cave_pools, ximxim_vaults_locker_room, serial_shops,
          nicolae_take_the_stairs, fungi_pond_lemuel
D:14:     layout_stronghold, minmay_misc_feat_ornament
D:15:     hangedman_slaughterboxes, serial_shops
Temple:   mainiacjoe_temple_circle_huts

Skill      XL: |  1  2  3  4  5  6  7  8  9 10 11 12 13 |
---------------+----------------------------------------+-----
Fighting       | 4 5 6 7 8 10 11 | 11.6
Axes           | 4 6 7 9 10 11 | 11.2
Armour         | 1 2 3 5 7 8 10 11 12 | 12.9
Dodging        | 4 5 7 8 |  8.3
Stealth        | 2 3 4 |  4.8
Slings         | 1 |  1.2
Throwing       | 1 2 3 |  3.4
Long Blades    | 2 6 9 11 12 13 | 13.0
Maces & Flails | 2 |  2.7
Shields        | 1 5 8 |  8.4

Action                   |  1- 3 |  4- 6 |  7- 9 | 10-12 | 13-15 || total
-------------------------+-------+-------+-------+-------+-------++-------
Melee: Hand axe          |    66 |   121 |   142 |       |       ||   329
       Headbutt          |    12 |    27 |    69 |   117 |    29 ||   254
       Falchion          |       |       |   113 |   335 |    68 ||   516
       Flail             |       |       |    12 |       |    26 ||    38
       Battleaxe         |       |       |       |    53 |       ||    53
 Fire: Hunting sling     |    14 |       |       |       |       ||    14
Throw: Stone             |       |    61 |     1 |       |       ||    62
       Boomerang         |       |       |       |    22 |       ||    22
Invok: Ancestor Life: Ba |       |       |     1 |       |       ||     1
  Use: Scroll            |       |     3 |     3 |     7 |       ||    13
       Potion            |       |       |       |     2 |     1 ||     3
 Stab: Sleeping          |     2 |       |       |     1 |     1 ||     4
       Distracted        |       |       |     2 |     8 |     2 ||    12
Armor: Leather armour    |    26 |     7 |       |       |       ||    33
       Chain mail        |       |    76 |   147 |     7 |       ||   230
       Scale mail        |       |       |       |   236 |    48 ||   284
Dodge: Dodged            |    58 |    61 |   116 |   352 |    49 ||   636
Block: Buckler           |       |       |       |     4 |       ||     4
       Kite shield       |       |       |       |    65 |       ||    65
       Tower shield      |       |       |       |    48 |   168 ||   216
